 Dungeon Crawl Stone Soup version 0.21.1-1-g345015f (webtiles) character file.

43 Omega the Magician (level 3, 0/19 HPs)
             Began as a Tengu Wizard on June 3, 2018.
             Was an Initiate of Sif Muna.
             Slain by an adder (3 damage)
             ... on level 3 of the Dungeon.
             The game lasted 00:10:16 (1823 turns).

Omega the Magician (Tengu Wizard)                   Turns: 1823, Time: 00:10:17

Health: 0/19       AC:  2    Str:  7    XL:     3   Next: 58%
Magic:  0/9        EV: 12    Int: 19    God:    Sif Muna [......]
Gold:   113        SH:  0    Dex: 12    Spells: 1/9 levels left

rFire    . . .     SeeInvis .   (no weapon)
rCold    . . .     Gourm    .   (no shield)
rNeg     . . .     Faith    .   a - +0 robe
rPois    .         Spirit   .   b - +0 hat
rElec    .         Reflect  .   (no cloak)
rCorr    .         Harm     .   (no gloves)
MR       .....                  (boots unavailable)
Stlth    ++........             (no amulet)
HPRegen  0.06/turn              (no ring)
MPRegen  0.11/turn              (no ring)

@: lethally poisoned (0 -> -2), very slightly contaminated
A: beak, talons 3
a: Renounce Religion


You were on level 3 of the Dungeon.
You worshipped Sif Muna.
Sif Muna was noncommittal.
You were not hungry.

You visited 1 branch of the dungeon, and saw 3 of its levels.

You collected 113 gold pieces.

Inventory:

Armour
 a - a +0 robe (worn)
 b - a +0 hat (worn)
 r - a +2 hat
Jewellery
 g - an uncursed amulet of rage {unknown}
 m - a cursed ring of loudness {unknown}
Scrolls
 h - a scroll of fog {unknown}
 j - a scroll of enchant weapon {unknown}
 k - 2 scrolls of identify {unknown}
 n - a scroll of remove curse {unknown}
 q - a scroll of fear {unknown}
 s - a scroll of blinking {unknown}
Potions
 e - 2 potions of curing {unknown}
 f - 2 potions of heal wounds {unknown}
 i - a potion of agility {unknown}
 l - a potion of might {unknown}
 o - a potion of lignification {unknown}
 p - a potion of invisibility {unknown}
Books
 c - a book of Minor Magic

   Spells                             Type                      Level
   a - Magic Dart                     Conjuration                  1
   b - Blink                          Translocation                2
   c - Call Imp                       Summoning                    2
   d - Slow                           Hexes                        2
   e - Conjure Flame                  Conjuration/Fire             3
   f - Mephitic Cloud                 Conjuration/Poison/Air       3
Comestibles
 d - 2 rations


   Skills:
 + Level 0.2 Fighting
 + Level 2.4 Dodging
 + Level 2.1 Stealth
 + Level 3.9 Spellcasting
 + Level 1.8 Conjurations
 + Level 1.3 Summonings
 + Level 0.7 Translocations


You had one spell level left.
You knew the following spells:

 Your Spells              Type           Power        Failure   Level  Hunger
a - Magic Dart            Conj           ##..         7%          1    None
b - Call Imp              Summ           #.......     12%         2    ##.....
c - Blink                 Tloc           N/A          16%         2    ##.....
d - Conjure Flame         Conj/Fire      #.......     28%         3    ###....


Dungeon Overview and Level Annotations

Branches:
Dungeon (3/15)

Altars:
Cheibriados
Dithmenos
Qazlal
Sif Muna
Vehumet


Innate Abilities, Weirdness & Mutations

You have a beak for a mouth.
You have claws for feet.


Message History

Found a stormy altar of Qazlal.
Casting: Blink
Confirm with . or Enter, or press ? or * to list all spells.
You don't have enough magic to cast that spell.
You feel sick. The orc wizard casts a spell at you. The puff of flame hits you!
* * * LOW HITPOINT WARNING * * *
Found an escape hatch in the floor.
* * * LOW HITPOINT WARNING * * *
You feel sick.
Casting: Blink
Confirm with . or Enter, or press ? or * to list all spells.
Aiming: Magic Dart
Press: ? - help, Shift-Dir - straight line, f/p - adder
Aim: an adder (severely wounded)
You miscast Magic Dart.
Nothing appears to happen.
* * * LOW HITPOINT WARNING * * *
You feel sick. The adder bites you.
You die...

.........S....≈≈§§..
..............≈≈§###≈
#....#.......o§≈#≈≈§≈
#......#...##S.§.≈§.≈
#....#(..####.≈≈§§§>≈
##.....### #K...≈§≈§
.# #...#≈##§
##S..≈≈≈≈≈ #.@≈..≈≈≈.
#......... #..#.#####
##..... ....### #####


You could see an adder, an orc, a ball python and a kobold.

Vanquished Creatures
  An adder (D:2)
  A dart slug (D:2)
  A leopard gecko (D:1)
  A ball python (D:3)
  4 hobgoblins
  6 bats
  5 frilled lizards
  5 goblins
  3 kobolds (D:1)
  4 rats
31 creatures vanquished.

Vanquished Creatures (collateral kills)
  A rat (D:1)
1 creature vanquished.

Grand Total: 32 creatures vanquished

Notes
Turn   | Place    | Note
-------+----------+-------------------------------------------
     0 | D:1      | Omega the Tengu Wizard began the quest for the Orb.
     0 | D:1      | Reached XP level 1. HP: 10/10 MP: 5/5
   314 | D:1      | Reached XP level 2. HP: 11/15 MP: 0/7
   429 | D:1      | Learned a level 2 spell: Call Imp
   966 | D:1      | Learned a level 2 spell: Blink
  1094 | D:2      | Found a snail-covered altar of Cheibriados.
  1100 | D:2      | Reached XP level 3. HP: 19/19 MP: 1/9
  1106 | D:2      | Learned a level 3 spell: Conjure Flame
  1254 | D:2      | Found a shadowy altar of Dithmenos.
  1254 | D:2      | Found a deep blue altar of Sif Muna.
  1258 | D:2      | Became a worshipper of Sif Muna the Loreminder
  1281 | D:2      | Found a faded altar of an unknown god.
  1714 | D:2      | Found a radiant altar of Vehumet.
  1815 | D:3      | Found a stormy altar of Qazlal.
  1823 | D:3      | Slain by an adder

Action                   || total
-------------------------++-------
Melee: Unarmed           ||    10
       Kick              ||     4
 Cast: Magic Dart        ||    69
       Call Imp          ||     1
       Blink             ||     1
  Eat: Ration            ||     1
Armor: Robe              ||     5
Dodge: Dodged            ||    13
